Map: Imperio eterno EE

Players

MrFercho

  • Race: Zerg Zerg
  • League: Silver
  • Spawn Location: 7:00

brogrimfall - Winner!

  • Race: Protoss Protoss
  • League: Gold
  • Spawn Location: 1:00

VOD

Have the link to the VOD?

Description

Time

  • Played on: July 4, 2020, 9:25 a.m.
  • Length: 11:38
Show
View Real Time Build Order
Export as new Build Order

MrFercho Zerg 

Build Orders: Hatch First, Roach Hydra 

Get SALT Encoding   

  12  0:01  Drone  
  13  0:14  Overlord  
  13  0:25  Drone  
  14  0:32  Drone x2  
  16  0:41  Drone  
  17  0:57  Hatchery  
  17  1:02  Drone  
  17  1:12  Spawning Pool  
  17  1:13  Drone  
  17  1:17  Drone  
  18  1:23  Drone  
  19  1:27  Extractor  
  18  1:40  Drone  
  18  1:41  Drone  
  20  1:52  Drone  
  21  2:05  Extractor, Queen, Overlord  
  22  2:10  Queen  
  22  2:13  Zergling x2  
  25  2:24  Drone x3  
  28  2:31  Drone  
  29  2:47  Drone x3  
  32  2:53  Lair  
  32  2:55  Drone x2  
  32  2:57  Queen  
  36  3:07  Overlord  
  35  3:20  Roach Warren  
  35  3:23  Drone  
  35  3:24  Overlord  
  35  3:25  Overlord  
  35  3:34  Evolution Chamber  
  34  3:44  Drone x7  
  34  3:47  Extractor  
  40  3:49  Extractor  
  40  3:55  Zergling x2  
  40  4:03  Glial Reconstitution  
  40  4:06  Zerg Missile Weapons Level 1  
  40  4:08  Roach x2  
  45  4:17  Drone x3  
  45  4:18  Drone  
  45  4:22  Drone x3  
  51  4:29  Drone  
  51  4:30  Drone  
  53  4:39  Roach x2  
  53  4:40  Roach  
  53  4:41  Overlord  
  59  4:46  Hatchery  
  58  5:05  Roach x5  
  68  5:22  Overseer  
  68  5:42  Pneumatized Carapace  
  68  5:46  Overlord  
  68  5:47  Overlord x3  
  68  5:48  Overlord  
  68  6:00  Hydralisk Den  
  67  6:04  Drone x2  
  67  6:05  Drone  
  67  6:07  Drone  
  71  6:14  Drone x5  
  71  6:15  Drone x3  
  79  6:39  Hydralisk  
  79  6:40  Hydralisk x6  
  93  7:00  Hydralisk  
  93  7:01  Hydralisk x7  
  95  7:03  Zerg Missile Weapons Level 2  
  95  7:07  Muscular Augments  
  109  7:39  Extractor  
  109  7:41  Extractor  
  107  7:47  Drone x7  
  107  7:50  Overlord x2  
  114  8:23  Overseer x2  
  114  8:33  Drone  
  114  8:34  Drone x7  
  117  8:36  Overlord x8  
  122  8:53  Hatchery  
  122  8:54  Grooved Spines  
  121  8:56  Hydralisk  
  121  8:57  Hydralisk x6  
  121  8:58  Overlord  
  121  8:59  Overlord x2  
  135  9:31  Evolution Chamber  
  134  9:32  Zerg Ground Armor Level 1  
  134  9:40  Infestation Pit  
  134  9:44  Metabolic Boost  
  133  9:48  Hydralisk x11  
  155  10:27  Drone  
  155  10:28  Drone x15  
  169  10:45  Hydralisk x8  
  165  10:54  Hydralisk x5  
  137  11:04  Lurker Den  
Show
View Real Time Build Order
Export as new Build Order

brogrimfall Protoss - Winner!

Build Orders: 1 Gate Expand 

Get SALT Encoding   

  12  0:01  Probe  
  13  0:20  Pylon  
  13  0:24  Probe  
  14  0:44  Gateway  
  14  0:45  Probe  
  15  0:53  Probe  
  15  0:54  Assimilator  
  16  1:01  Probe  
  17  1:13  Probe  
  18  1:26  Probe  
  18  1:41  Nexus  
  18  1:49  Cybernetics Core  
  18  1:52  Probe  
  19  2:00  Pylon  
  19  2:04  Assimilator, Probe  
  20  2:16  Probe  
  21  2:28  Warp Gate, Probe  
  22  2:30  Gateway  
  22  2:31  Stalker  
  24  2:37  Probe  
  25  2:45  Probe  
  26  2:55  Probe  
  28  2:58  Probe  
  28  3:00  Pylon  
  28  3:06  Stalker  
  28  3:07  Probe x2  
  32  3:19  Probe x2  
  33  3:21  Stalker  
  36  3:27  Probe  
  36  3:30  Probe  
  38  3:35  Probe  
  39  3:42  Probe  
  39  3:45  Probe  
  41  3:54  Probe  
  42  3:57  Probe  
  42  4:01  Nexus  
  42  4:06  Probe  
  44  4:10  Probe  
  44  4:15  Assimilator  
  44  4:17  Stalker x2  
  44  4:18  Probe  
  44  4:22  Probe  
  50  4:27  Assimilator  
  50  4:29  Pylon  
  50  4:30  Probe  
  51  4:32  Pylon  
  51  4:34  Probe  
  52  4:42  Stalker  
  54  4:47  Probe x2  
  56  4:57  Robotics Facility  
  56  4:58  Stalker, Probe x2  
  60  5:06  Probe x2  
  60  5:14  Probe x2  
  64  5:21  Stalker x2  
  64  5:26  Probe  
  69  5:28  Probe  
  69  5:29  Probe  
  71  5:38  Probe  
  71  5:40  Probe  
  71  5:41  Probe  
  74  5:46  Stalker  
  74  5:47  Stalker  
  74  5:49  Immortal  
  82  5:50  Probe  
  82  5:53  Probe  
  82  5:54  Probe  
  82  5:55  Robotics Bay  
  85  6:00  Pylon  
  85  6:05  Pylon  
  85  6:09  Pylon  
  85  6:10  Nexus  
  85  6:14  Probe  
  85  6:15  Probe  
  85  6:18  Assimilator, Probe  
  88  6:22  Assimilator  
  88  6:23  Probe x2  
  88  6:29  Immortal  
  88  6:30  Probe  
  88  6:32  Probe  
  95  6:38  Stalker x2  
  100  6:40  Extended Thermal Lance  
  100  6:43  Pylon  
  100  6:46  Probe x3  
  103  6:47  Pylon  
  103  6:50  Pylon  
  103  7:01  Stalker  
  103  7:05  Colossus  
  111  7:22  Gateway  
  111  7:23  Stalker  
  111  7:24  Gateway  
  111  7:27  Gateway  
  111  7:28  Probe x2  
  111  7:29  Probe  
  116  7:31  Probe  
  117  7:40  Probe  
  118  7:47  Gateway  
  118  7:48  Stalker x2, Gateway  
  118  7:49  Colossus  
  118  7:51  Pylon  
  122  7:53  Gateway  
  122  7:55  Gateway  
  122  7:57  Gateway  
  122  7:59  Probe  
  122  8:03  Probe x2  
  131  8:13  Probe  
  131  8:15  Assimilator  
  131  8:19  Stalker x3  
  138  8:20  Assimilator  
  138  8:28  Gateway  
  138  8:29  Gateway  
  138  8:31  Gateway  
  138  8:32  Probe  
  139  8:35  Stalker x2, Colossus  
  143  8:43  Pylon  
  143  8:46  Pylon  
  143  8:48  Pylon  
  149  8:49  Pylon  
  149  8:51  Pylon  
  149  8:55  Pylon  
  149  8:58  Probe x2  
  149  8:59  Gateway  
  149  9:00  Gateway  
  149  9:02  Gateway  
  151  9:21  Forge x2  
  151  9:23  Stalker x2  
  151  9:24  Stalker x3, Forge  
  157  9:25  Stalker x5  
  157  9:27  Twilight Council  
  157  9:28  Colossus  
  177  9:49  Stalker  
  177  9:50  Stalker x4  
  177  9:51  Stalker x3  
  177  9:52  Stalker  
  195  9:54  Stalker  
  197  10:05  Photon Cannon  
  197  10:08  Photon Cannon  
  197  10:11  Shield Battery  
  197  10:13  Photon Cannon  
  197  10:16  Photon Cannon  
  197  10:18  Photon Cannon  
  197  10:20  Photon Cannon, Shield Battery  
  197  10:22  Shield Battery  
  197  10:26  Photon Cannon  
  197  10:28  Photon Cannon  
  197  10:30  Shield Battery  
  197  10:47  Stalker  
  191  11:05  Stalker x2  
  191  11:06  Stalker x2  
  197  11:30  Stalker x4  
  197  11:31  Stalker  
  199  11:35  Nexus  
  199  11:37  Pylon  
Tags
 
Add a new tag
Caveats
  • Supply blocks, unpowered buildings, or Contaminate may cause inaccurate times.
  • Supply counts are checked every 10 seconds.